 Dungeon Crawl Stone Soup version 0.31-a0-986-g5e6e4ef867 (webtiles) character file.

Game seed: 15038658282427294899

210 serber55 the Slasher (level 5, -7/42 HPs)
             Began as a Demonspawn Monk on Nov 15, 2023.
             Killed by divine providence
             ... invoked by an orc priest
              (16 damage)
             ... on level 3 of the Dungeon.
             The game lasted 00:06:00 (1598 turns).

serber55 the Slasher (Demonspawn Monk)              Turns: 1598, Time: 00:06:01

Health: -7/42      AC:  5    Str: 13    XL:     5   Next: 57%
Magic:  5/5        EV: 12    Int: 12    God:
Gold:   70         SH:  0    Dex: 15    Spells: 4/4 levels left

rFire   + + .        a - +0 falchion
rCold   + . .        d - orb {light}
rNeg    . . .        c - +2 robe {rF+}
rPois   .            f - +0 helmet
rElec   .            j - scarf {rC+ rF+}
rCorr   .            (no gloves)
SInv    .            (no boots)
Will    .....        (no amulet)
Stlth   +            (no ring)
HPRegen 0.27/turn    (no ring)
MPRegen 0.09/turn

%: no passive effects
@: glowing
A: powered by death 2
a: no special abilities


You were on level 3 of the Dungeon.
You visited 1 branch of the dungeon, and saw 3 of its levels.

You collected 70 gold pieces.

Inventory:

Hand Weapons
 a - a +0 falchion (weapon)
Armour
 c - a +2 robe of fire resistance (worn)
 d - an orb of light (worn)
 f - a +0 helmet (worn)
 j - a scarf of resistance (worn)
Scrolls
 b - 4 scrolls of identify {unknown}
 h - a scroll of butterflies {unknown}
Potions
 e - a potion of enlightenment


   Skills:
 + Level 4.0 Fighting
 * Level 4.5 Long Blades
 + Level 2.2 Armour
 - Level 2.6 Dodging


You had 4 spell levels left.
You didn't know any spells.
Your spell library contained the following spells:

 Spells                   Type           Power      Damage    Failure   Level
 Ignite Poison            Fire/Tmut/Pois 0%         N/A       69%         3
 Sticky Flame             Conj/Fire      0%         2d3       97%         4
 Ignition                 Fire           0%         3d3       100%        8


Dungeon Overview and Level Annotations

Branches:
Dungeon (3/15)

Altars:


Innate Abilities, Weirdness & Mutations

You regenerate health from kills.


Message History

You kill the orc!
The orc priest invokes the aid of Beogh against you.
Beogh smites you!
Things that are here:
a +0 flail; an orc corpse You barely miss the orc priest.
The orc priest hits you but does no damage.
You hit the orc priest.
The orc priest is lightly wounded.
The orc priest misses you.
You hit the orc priest but do no damage.
The orc priest is lightly wounded.
The orc priest hits you with a +0 dagger.
You hit the orc priest.
The orc priest is lightly wounded.
The orc priest closely misses you.
You hit the orc priest.
The orc priest is moderately wounded.
The orc priest calls down the wrath of Beogh upon you.
Pain shoots through your body!
* * * LOW HITPOINT WARNING * * *
You completely miss the orc priest.
The orc priest is moderately wounded.
The orc priest hits you with a +0 dagger.
* * * LOW HITPOINT WARNING * * *
The orc shouts!
You hit the orc priest.
The orc priest is heavily wounded.
The orc priest barely misses you.
An orc comes into view. It is wielding a +0 mace.
The orc priest hits you but does no damage.
The orc shouts!
You hit the orc priest.
The orc priest is severely wounded.
The orc priest hits you but does no damage.
You hit the orc priest.
The orc priest is almost dead.
The orc priest mumbles some strange prayers to Beogh against you.
Beogh smites you!
You die...

#..## #... ....... #..# #...
......## ##.# +..###.#....###.
#.# #.##..(.......... #.##
##....#........... #..##
##..##.o..>........ #...##
##...##..o....$..... #..8.##
##.8..)..............
#.....#####....@o##.....o.....o
#.....[..........##............
########.........###...........
########### ##..........
###########


You could see an orc priest and 2 orcs.

Vanquished Creatures
  Jessica (D:3)
  Natasha (twice) (D:3)
  An orc wizard (D:3)
  6 adders
  A dart slug (D:2)
  An orc (D:3)
  7 bats
  3 endoplasms
  2 giant cockroaches
  3 hobgoblins
  8 jackals (D:1)
  4 kobolds
  2 quokkas (D:1)
  5 ball pythons (D:2)
  2 frilled lizards (D:2)
  A goblin (D:2)
  3 rats (D:1)
52 creatures vanquished.

Notes
Turn   | Place    | Note
-------+----------+-------------------------------------------
     0 | D:1      | serber55 the Demonspawn Monk began the quest for the Orb.
     0 | D:1      | Reached XP level 1. HP: 18/18 MP: 1/1
   206 | D:1      | Gained mutation: You regenerate a little health from kills.
                  | [demonic ancestry]
   206 | D:1      | Reached XP level 2. HP: 24/24 MP: 2/2
   335 | D:1      | Reached skill level 1 in Armour
   591 | D:2      | Reached XP level 3. HP: 29/29 MP: 3/3
   835 | D:2      | Reached XP level 4. HP: 30/35 MP: 4/4
  1082 | D:2      | Found a faded altar of an unknown god.
  1388 | D:3      | Noticed Natasha
  1393 | D:3      | Killed Natasha
  1405 | D:3      | Noticed Natasha
  1436 | D:3      | Killed Natasha
  1437 | D:3      | Gained mutation: You regenerate health from kills. [demonic
                  | ancestry]
  1437 | D:3      | Reached XP level 5. HP: 29/42 MP: 5/5
  1519 | D:3      | Noticed Jessica
  1531 | D:3      | Killed Jessica
  1598 | D:3      | Killed from afar by an orc priest

Illustrated notes

Levels and vault maps discovered:
D:1:      dpeg_arrival_shelter, layout_rooms
D:2:      layout_loops_ring, ebering_ecumenical_altar_rust
D:3:      layout_rooms, nicolae_overflow_ecumenical_swirl, serial_shops, shop,
          nicolae_shop_competitors_out_of_business, uniq_natasha, uniq_jessica,
          uniq_crazy_yiuf_cottage

Skill      XL: |  1  2  3  4  5 |
---------------+----------------+-----
Long Blades    | 3 4 |  4.5
Armour         | 1 2 |  2.2
Fighting       | 4 |  4.0
Dodging        | |  2.6

Action                     |  1- 3 |  4- 6 || total
---------------------------+-------+-------++-------
  Melee: Falchion          |    89 |    81 ||   170
    Use: Potion            |       |     3 ||     3
 Armour: Robe              |    27 |    17 ||    44
         Ring mail         |    43 |    66 ||   109
  Dodge: Dodged            |    78 |    57 ||   135

Table legend: (Time is in decaauts)
 A = Elapsed time spent in this place.
 B = Non-inter-level travel time spent in this place.
 C = Inter-level travel time spent in this place.
 D = Time resting spent in this place.
 E = Time spent auto-exploring this place.
 F = Levels seen in this place.
 G = Mean time per level.
                   A        B        C        D        E       F      G
               +--------+--------+--------+--------+--------+-----+--------+
         Total |   1619 |   1581 |     38 |    130 |   1045 |   3 |  539.7 |
       Dungeon |   1619 |   1581 |     38 |    130 |   1045 |   3 |  539.7 |
               +--------+--------+--------+--------+--------+-----+--------+

Top non-repeatable levels by time:
     D:2: 814 daAuts
     D:1: 591 daAuts
     D:3: 213 daAuts
